 Dungeon Sprint DCSS version 0.28-a0-863-g8cecda6153 (webtiles) character file.

Game seed: 14277306899378269329

58989 Turgor the Conqueror (level 14, -11/168 HPs)
             Began as a Minotaur Berserker on Nov 19, 2021.
             Was a High Priest of Trog.
             Mangled by Mennas (19 damage)
             ... in the Dungeon (Sprint IX: "|||||||||||||||||||||||||||||").
             The game lasted 00:42:27 (4362 turns).

Turgor the Conqueror (Minotaur Berserker)           Turns: 4362, Time: 00:42:27

Health: -11/168    AC: 29    Str: 24    XL:     14   Next: 51%
Magic:  13/13      EV: 13    Int:  7    God:    Trog [*****.]
Gold:   1413       SH:  5    Dex: 10    Spells: 13/13 levels left

rFire   . . .      SeeInvis +   w - +4 glaive (vorpal)
rCold   . . .      Faith    .   (shield currently unavailable)
rNeg    . . .      Spirit   .   a - +2 plate armour
rPois   .          Reflect  +   (helmet restricted)
rElec   .          Harm     .   B - +1 cloak
rCorr   .          Rampage  .   A - +1 pair of gloves
Will    ++...      NoTele   +   t - +0 pair of boots
Stlth   ..........              l - amulet of reflection
HPRegen 0.38/turn               y - ring of see invisible
MPRegen 0.13/turn               z - ring of willpower

@: mighty, on berserk cooldown, hasted and slowed, glowing, silenced
A: horns 2, retaliatory headbutt
a: Renounce Religion


You were in the Dungeon.
You worshipped Trog.
Trog was extremely pleased with you.
You visited 1 branch You collected 1913 gold pieces.
You spent 500 gold pieces at shops.

Inventory:

Hand Weapons
 q - a +3 antimagic bardiche
 u - a +3 hunting sling of flaming
 w - a +4 vorpal glaive (weapon)
 x - a +8 antimagic glaive
Missiles
 b - a curare-tipped dart (quivered)
 r - 23 stones
 v - 21 sling bullets
 C - a throwing net
Armour
 a - a +2 plate armour (worn)
 t - a +0 pair of boots (worn)
 A - a +1 pair of gloves (worn)
 B - a +1 cloak (worn)
Jewellery
 l - an amulet of reflection (around neck)
 y - a ring of see invisible (left hand)
 z - a ring of willpower (right hand)
Wands
 j - a wand of iceblast (10)
Scrolls
 h - 3 scrolls of blinking
 k - 4 scrolls of enchant armour
 n - a scroll of identify
 o - 6 scrolls of enchant weapon
 p - a scroll of holy word
Potions
 c - 4 potions of curing
 d - 6 potions of heal wounds
 e - a potion of haste
 f - 4 potions of magic
 g - a potion of berserk rage
 i - a potion of invisibility
 m - 2 potions of mutation
 s - 2 potions of might


   Skills:
 O Level 27 Fighting
 O Level 27 Polearms
 + Level 8.4 Throwing
 + Level 20.5 Armour
 + Level 19.0 Dodging
 + Level 2.1 Evocations


You had 13 spell levels left.
You didn't know any spells.
Your spell library was empty.

Dungeon Overview and Level Annotations

Branches:
Dungeon (1/1)

Altars:
Cheibriados
Dithmenos
Elyvilon
Fedhas
Gozag
Hepliaklqana
Kikubaaqudgha
Makhleb
Nemelex Xobeh
Okawaru
Qazlal
Ru
Sif Muna
Trog
Uskayaw
Vehumet
Wu Jian
Xom
Yredelemnul
Zin
The Shining One
Beogh
Jiyva
Lugonu

Shops:
D =*!!

Annotations:
D Mennas


Innate Abilities, Weirdness & Mutations

You have a pair of horns on your head.
You reflexively headbutt those who attack you in melee.


Message History

* * * LOW HITPOINT WARNING * * *
Unknown command.
Mennas blocks your attack.
Your headbutt misses Mennas.
Mennas is lightly wounded.
Mennas hits you but does no damage.
Mennas hits you with a +3 eudemon blade of holy wrath!
* * * LOW HITPOINT WARNING * * *
Unknown command.
Mennas blocks your attack.
Mennas is lightly wounded.
Mennas hits you with a +3 eudemon blade of holy wrath.
* * * LOW HITPOINT WARNING * * *
Mennas hits you with a +3 eudemon blade of holy wrath!
* * * LOW HITPOINT WARNING * * *
Unknown command.
You feel much better. Mennas barely misses you.
Mennas hits you but does no damage. x3
Unknown command.
You feel much better.
Mennas hits you with a +3 eudemon blade of holy wrath.
Mennas closely misses you.
You miss Mennas. You headbutt Mennas!
Mennas is lightly wounded.
Mennas hits you with a +3 eudemon blade of holy wrath!
* * * LOW HITPOINT WARNING * * *
Mennas hits you with a +3 eudemon blade of holy wrath!
* * * LOW HITPOINT WARNING * * *
Unknown command.
You hit Mennas. Your headbutt misses Mennas.
Mennas is lightly wounded.
Mennas hits you with a +3 eudemon blade of holy wrath!
* * * LOW HITPOINT WARNING * * *
Mennas hits you with a +3 eudemon blade of holy wrath!
* * * LOW HITPOINT WARNING * * *
Unknown command.
Mennas blocks your attack.
Mennas is lightly wounded.
Mennas looks to the heavens.
Mennas hits you with a +3 eudemon blade of holy wrath!!
You die...

.▓.▓.▓∩▓.▓.▓.▓.▓.▓,*,*,*,*,*,*,*,
.▓.▓.▓.▓.▓.▓.▓.▓.▓.▓,*,*,*,*,*,*,
.▓.▓.▓∩▓.▓.▓.▓.▓.▓.▓,*,*,*,*,*,*,
.▓.▓.▓.▓.▓.▓.▓'▓.▓.▓,*,*,*,*,*,*,
.▓.▓.▓.▓.▓)▓.▓)▓.▓.▓,*,*,*,*,*,*,
.▓.▓.▓)▓.▓)▓.▓.▓.▓.▓,*,*,*,*,*,*,
.▓†▓.▓)▓.▓)▓.▓.▓.▓p▓,*,*,*,*,*,*,
.▓'▓.▓)▓.▓)▓.▓.▓.▓)▓,*,*,*,*,*,*,
.▓†▓.▓'▓.▓.▓.▓.▓@▓)▓,*,*,*,*,*,*,
.▓.▓.▓.▓.▓.▓.▓.▓A▓)▓,*,*,*,*,*,*,
.▓.▓.▓.▓.▓.▓.▓.▓.▓)▓,*,*,*,*,*,*,
.▓.▓.▓.▓.▓.▓.▓)▓.▓)▓,*,*,*,*,*,*,
.▓.▓.▓.▓.▓.▓.▓[▓.▓'▓,*,*,*,*,*+*,
.▓.▓.▓.▓.▓.▓.▓'▓.▓)▓,*,*,*+*,*,*,
.▓.▓.▓.▓.▓.▓.♣)♣.▓.▓,*,*,*,*,*,*,
.▓.▓.▓)▓.▓.▓.♣.♣.▓m▓,*,*,*,*,*,*,
.▓†▓)▓)▓.▓.▓.♣.♣.▓.▓,*,*,*,*,*,*,


You could see Mennas (silencing).

Vanquished Creatures
  Rupert (D)
  A lich (D)
  A sphinx (D)
  2 vault wardens (D)
  A frost giant (D)
  2 ironbound preservers (D)
  A stone giant (D)
  Azrael (D)
  3 ettins (D)
  2 merfolk impalers (D)
  A fire dragon (D)
  A hydra (D)
  A yaktaur captain (D)
  2 rakshasas (D)
  An ironbound thunderhulk (D)
  A peacekeeper (D)
  A boulder beetle (D)
  2 centaur warriors (D)
  2 deep troll earth magi (D)
  2 tengu warriors (D)
  A death yak (D)
  2 deep troll shamans (D)
  An orc high priest (D)
  A skeletal warrior (D)
  3 sea snakes (D)
  An ironbound convoker (D)
  5 lindwurms (D)
  A necromancer (D)
  A wizard (D)
  4 orc knights (D)
  A wolf spider (D)
  2 moths of wrath (D)
  A salamander (D)
  4 ugly things (D)
  A guardian serpent (shapeshifter) (D)
  An elephant (D)
  A naga mage (D)
  3 black mambas (D)
  3 vault sentinels (D)
  Joseph (D)
  A cane toad (D)
  A komodo dragon (D)
  A demonic crawler (D)
  2 hornets (D)
  3 jumping spiders (D)
  2 tyrant leeches (D)
  A wind drake (D)
  A merfolk (D)
  3 slime creatures (D)
  A blink frog (shapeshifter) (D)
  A redback (D)
  A yak (D)
  2 wraiths (D)
  2 fire elementals (D)
  A vampire mosquito (D)
  2 nagas (D)
  A water moccasin (D)
  4 hell hounds (D)
  9 orc warriors (D)
  An ice beast (D)
  A black bear (D)
  A centaur (D)
  A kobold brigand (D)
  A bullfrog (D)
  A killer bee (D)
  4 orc priests (D)
  A hound (D)
  An iguana (D)
  4 orc wizards (D)
  A hell rat (D)
  An ufetubus (D)
  A worm (D)
  6 orcs (D)
  2 endoplasms (D)
  A ball python zombie (D)
  A bat (D)
  A kobold (D)
  A rat (D)
137 creatures vanquished.

Vanquished Creatures (collateral kills)
  A tengu reaver (D)
  A frost giant (D)
  A vault warden (D)
  A very ugly thing (D)
  A great orb of eyes (D)
  An ironbound thunderhulk (D)
  A hydra (D)
  A ghost crab (D)
  An alligator (D)
  2 deep troll earth magi (D)
  A naga sharpshooter (D)
  A goliath frog (D)
  A swamp dragon (D)
  A naga ritualist (D)
  5 orc knights (D)
  An orc sorcerer (D)
  A manticore (D)
  A will-o-the-wisp (D)
  A black mamba (D)
  2 cane toads (D)
  2 komodo dragons (D)
  A tyrant leech (D)
  A slime creature (D)
  A snapping turtle (D)
  A hornet (D)
  A naga (D)
  4 orc warriors (D)
  A wolf (D)
  A bullfrog (D)
  An orc priest (D)
40 creatures vanquished.

Vanquished Creatures (others)
  A wizard (D)
  A tyrant leech (D)
  A spriggan (D)
  A foxfire (D)
4 creatures vanquished.

Grand Total: 181 creatures vanquished

Notes
Turn   | Place    | Note
-------+----------+-------------------------------------------
     0 | D        | Turgor the Minotaur Berserker began the quest for the Orb.
     0 | D        | Reached XP level 1. HP: 19/19 MP: 0/0
     8 | D        | Reached ** piety under Trog
    20 | D        | Noticed an iguana
    20 | D        | Noticed a hound
    20 | D        | Noticed an ice beast
    24 | D        | Killed an ice beast
    25 | D        | Reached skill level 5 in Armour
    25 | D        | Reached skill level 5 in Dodging
    25 | D        | Reached XP level 2. HP: 7/31 MP: 1/1
    25 | D        | Reached XP level 3. HP: 8/38 MP: 2/2
    25 | D        | Reached XP level 4. HP: 10/45 MP: 3/3
    27 | D        | Reached *** piety under Trog
   304 | D        | Reached XP level 5. HP: 44/52 MP: 4/4
   311 | D        | Found a snail-covered altar of Cheibriados.
   311 | D        | Found a shadowy altar of Dithmenos.
   311 | D        | Found a white marble altar of Elyvilon.
   311 | D        | Found a blossoming altar of Fedhas.
   311 | D        | Found an opulent altar of Gozag.
   312 | D        | Found a hazy altar of Hepliaklqana.
   313 | D        | Found a viscous altar of Jiyva.
   314 | D        | Found an ancient bone altar of Kikubaaqudgha.
   315 | D        | Found a corrupted altar of Lugonu.
   316 | D        | Found a burning altar of Makhleb.
   317 | D        | Found a sparkling altar of Nemelex Xobeh.
   318 | D        | Found an iron altar of Okawaru.
   319 | D        | Found a stormy altar of Qazlal.
   320 | D        | Found a sacrificial altar of Ru.
   321 | D        | Found a shimmering blue altar of Sif Muna.
   322 | D        | Found a bloodstained altar of Trog.
   323 | D        | Found a hide-covered altar of Uskayaw.
   324 | D        | Found a radiant altar of Vehumet.
   325 | D        | Found an ornate altar of the Wu Jian Council.
   326 | D        | Found a shimmering altar of Xom.
   327 | D        | Found a basalt altar of Yredelemnul.
   328 | D        | Found a glowing silver altar of Zin.
   329 | D        | Found a glowing golden altar of the Shining One.
   376 | D        | Noticed a centaur
   376 | D        | Noticed an orc warrior
   376 | D        | Noticed a hornet
   376 | D        | Noticed a wraith
   381 | D        | Killed a wraith
   382 | D        | Reached XP level 6. HP: 62/62 MP: 5/5
   387 | D        | Reached **** piety under Trog
   389 | D        | Killed a hornet
   390 | D        | Reached skill level 10 in Fighting
   390 | D        | Reached skill level 10 in Polearms
   390 | D        | Reached XP level 7. HP: 47/73 MP: 6/6
   602 | D        | Noticed a slime creature
   602 | D        | Noticed a wraith
   602 | D        | Noticed a vampire mosquito
   602 | D        | Noticed a blink frog
   602 | D        | Noticed a centaur warrior
   602 | D        | Noticed a skeletal warrior
   607 | D        | Killed a skeletal warrior
   608 | D        | Reached skill level 10 in Armour
   608 | D        | Reached XP level 8. HP: 85/85 MP: 7/7
   611 | D        | Killed a centaur warrior
   611 | D        | Reached ***** piety under Trog
   620 | D        | Killed a blink frog
   620 | D        | Received a gift from Trog
   621 | D        | Reached skill level 10 in Dodging
   621 | D        | Reached XP level 9. HP: 95/95 MP: 8/8
   784 | D        | Noticed a komodo dragon
   784 | D        | Noticed a cane toad
   784 | D        | Noticed a komodo dragon
   784 | D        | Noticed a five-headed hydra
   784 | D        | Noticed a komodo dragon
   788 | D        | Noticed a black mamba
   789 | D        | Killed a komodo dragon
   790 | D        | Reached skill level 15 in Fighting
   790 | D        | Reached skill level 15 in Polearms
   791 | D        | Noticed a cane toad
   797 | D        | Killed a 12-headed hydra
   803 | D        | Killed a komodo dragon
   803 | D        | Killed a cane toad
   804 | D        | Reached XP level 10. HP: 34/107 MP: 9/9
   806 | D        | Killed a black mamba
   807 | D        | Killed a cane toad
  1051 | D        | Noticed a death yak
  1051 | D        | Noticed an elephant
  1051 | D        | Noticed a cane toad
  1053 | D        | Noticed a black mamba
  1063 | D        | Killed a cane toad
  1067 | D        | Killed an elephant
  1070 | D        | Killed a death yak
  1073 | D        | Killed a black mamba
  1073 | D        | Reached ****** piety under Trog
  1074 | D        | Received a gift from Trog
  1140 | D        | Noticed a lindwurm
  1140 | D        | Noticed a lindwurm
  1140 | D        | Noticed a lindwurm
  1140 | D        | Noticed a lindwurm
  1144 | D        | Killed a lindwurm
  1149 | D        | Killed a lindwurm
  1149 | D        | Noticed a lindwurm
  1150 | D        | Reached XP level 11. HP: 119/119 MP: 10/10
  1155 | D        | Killed a lindwurm
  1155 | D        | Received a gift from Trog
  1158 | D        | Killed a lindwurm
  1166 | D        | Killed a lindwurm
  1327 | D        | Noticed Joseph
  1335 | D        | Killed Joseph
  1423 | D        | Received a gift from Trog
  1424 | D        | Reached skill level 1 in Throwing
  1503 | D        | Noticed an orc high priest
  1503 | D        | Noticed an orc knight
  1511 | D        | Killed an orc knight
  1513 | D        | Received a gift from Trog
  1518 | D        | Noticed a sixfirhy
  1521 | D        | Noticed an orc knight
  1530 | D        | Killed an orc high priest
  1531 | D        | Noticed an orc sorcerer
  1536 | D        | Killed an orc knight
  1536 | D        | Received a gift from Trog
  1538 | D        | Killed an orc sorcerer
  1643 | D        | Found Kevitur's Distillery.
  1643 | D        | Noticed an orc knight
  1643 | D        | Noticed an orc knight
  1643 | D        | Noticed an orc knight
  1649 | D        | Killed an orc knight
  1650 | D        | Reached skill level 15 in Armour
  1650 | D        | Found Rutuom's Distillery.
  1657 | D        | Killed an orc knight
  1657 | D        | Identified the +12 battleaxe of Massacring {vorpal, Stlth+}
                  | (Trog gifted it to you in the Dungeon)
  1657 | D        | Received a gift from Trog
  1664 | D        | Killed an orc knight
  1674 | D        | Noticed an orc knight
  1684 | D        | Killed an orc knight
  1690 | D        | Found Xoh Woorups's Assorted Antiques.
  1694 | D        | Found Jitocut's Jewellery Shop.
  1697 | D        | Noticed an orc knight
  1699 | D        | Noticed an orc knight
  1702 | D        | Noticed an orc knight
  1704 | D        | Killed an orc knight
  1705 | D        | Reached skill level 5 in Throwing
  1707 | D        | Killed an orc knight
  1707 | D        | Received a gift from Trog
  1708 | D        | Reached XP level 12. HP: 87/134 MP: 11/11
  1758 | D        | Bought an amulet of reflection for 300 gold pieces
  1767 | D        | Bought a scroll labelled TESOTU EQAM for 28 gold pieces
  1767 | D        | Bought a scroll labelled MAAS XUCSUSAN for 28 gold pieces
  1769 | D        | Bought 2 potions of might for 96 gold pieces
  1769 | D        | Bought a potion of might for 48 gold pieces
  1952 | D        | Noticed a boulder beetle
  1957 | D        | Noticed a centaur warrior
  1968 | D        | Noticed a frost giant
  1969 | D        | Received a gift from Trog
  1971 | D        | Killed a centaur warrior
  1973 | D        | Killed a boulder beetle
  1978 | D        | Noticed a deep troll earth mage
  1980 | D        | Noticed a cyan very ugly thing
  1980 | D        | Killed a frost giant
  1981 | D        | Noticed a tengu warrior
  1981 | D        | Noticed a deep troll earth mage
  1983 | D        | Reached skill level 15 in Dodging
  1985 | D        | Killed a cyan very ugly thing
  1985 | D        | Killed a deep troll earth mage
  1985 | D        | Received a gift from Trog
  1987 | D        | Killed a tengu warrior
  1988 | D        | Killed a deep troll earth mage
  2121 | D        | Noticed an ettin
  2130 | D        | Killed an ettin
  2131 | D        | Received a gift from Trog
  2224 | D        | Noticed Azrael
  2238 | D        | Killed Azrael
  2242 | D        | Received a gift from Trog
  2346 | D        | Reached XP level 13. HP: 52/146 MP: 12/12
  2349 | D        | Received a gift from Trog
  2732 | D        | Noticed a merfolk impaler
  2732 | D        | Noticed a merfolk impaler
  2747 | D        | Received a gift from Trog
  2750 | D        | Killed a merfolk impaler
  2764 | D        | Killed a merfolk impaler
  3108 | D        | Identified the +9 dagger of Yphiq {vorpal, rF++ Str-3
                  | Dex+4} (Trog gifted it to you in the Dungeon)
  3108 | D        | Received a gift from Trog
  3153 | D        | Noticed Rupert
  3164 | D        | Killed Rupert
  3164 | D        | Received a gift from Trog
  3265 | D        | Noticed an ettin
  3265 | D        | Noticed an ettin
  3266 | D        | Noticed a frost giant
  3268 | D        | Noticed a stone giant
  3282 | D        | Noticed a sphinx
  3288 | D        | Killed a frost giant
  3288 | D        | Received a gift from Trog
  3293 | D        | Killed a stone giant
  3296 | D        | Killed an ettin
  3296 | D        | Noticed a fire dragon
  3299 | D        | Killed an ettin
  3299 | D        | Noticed a tengu reaver
  3304 | D        | Killed a sphinx
  3312 | D        | Killed a fire dragon
  3312 | D        | Received a gift from Trog
  3322 | D        | Killed a tengu reaver
  3323 | D        | Reached XP level 14. HP: 37/162 MP: 13/13
  3602 | D        | Received a gift from Trog
  3663 | D        | Noticed a lich
  3703 | D        | Killed a lich
  3746 | D        | Noticed a vault warden
  3746 | D        | Noticed an ironbound preserver
  3750 | D        | Noticed a vault warden
  3753 | D        | Received a gift from Trog
  3756 | D        | Noticed an ironbound preserver
  3762 | D        | Killed a vault warden
  3764 | D        | Killed an ironbound preserver
  3764 | D        | Received a gift from Trog
  3773 | D        | Killed a vault warden
  3775 | D        | Killed an ironbound preserver
  3775 | D        | Received a gift from Trog
  3776 | D        | Noticed a vault warden
  3793 | D        | Identified the +4 glaive "Defyewn" {vorpal, Will- Str+9
                  | SInv Stlth+} (Trog gifted it to you in the Dungeon)
  3793 | D        | Received a gift from Trog
  3799 | D        | Reached skill level 27 in Fighting
  3799 | D        | Reached skill level 27 in Polearms
  3808 | D        | Killed a vault warden
  3809 | D        | Reached skill level 1 in Evocations
  3811 | D        | HP: 8/168 [ironbound thunderhulk/bolt of lightning (30)]
  4332 | D        | Noticed Mennas
  4357 | D        | HP: 1/168 [Mennas (14)]
  4362 | D        | Mangled by Mennas

Illustrated notes

Levels and vault maps discovered:
D:        linesprint [early_d, line_temple, items_1, d_10, items_2, lair_1,
          lair_end, items_3, orc_1, orc_end, items_4, d_15, swamp_1, shoals_1,
          snake_1, spider_1, d_20, vaults_1, items_5, swamp_end, shoals_end,
          snake_end, spider_end, vaults_end, d_27, items_6, zot_1, zot_end,
          crypt_end, forest_end, elf_end, slime_end, tomb_end, abyss_end,
          pan_hell_end]

Skill      XL: |  1  2  3  4  5  6  7  8  9 10 11 12 13 14 |
---------------+-------------------------------------------+-----
Fighting       | 6 7 8 10 12 14 16 18 20 22 25 27 | 27.0
Polearms       | 6 7 8 10 12 14 16 18 20 22 25 27 | 27.0
Armour         | 5 6 7 8 10 11 12 13 15 17 19 20 | 20.5
Dodging        | 5 6 8 9 10 11 12 14 15 17 19 | 19.0
Throwing       | 5 8 |  8.4
Evocations     | 2 |  2.1

Action                   |  1- 3 |  4- 6 |  7- 9 | 10-12 | 13-15 || total
-------------------------+-------+-------+-------+-------+-------++-------
Melee: Spear             |    13 |    20 |       |       |       ||    33
       Headbutt          |     4 |     5 |     7 |    33 |    26 ||    75
       Halberd           |       |    12 |    44 |       |       ||    56
       Glaive            |       |       |    15 |   192 |   202 ||   409
Invok: Berserk           |     1 |     1 |     2 |     9 |     5 ||    18
       Trog's Hand       |       |     1 |     5 |     9 |     6 ||    21
       Brothers in Arms  |       |       |     1 |     5 |     6 ||    12
  Use: Potion            |       |       |     1 |     1 |    10 ||    12
       Scroll            |       |       |       |     3 |       ||     3
 Stab: Sleeping          |     1 |       |       |       |       ||     1
Armor: Chain mail        |       |     6 |    30 |    20 |       ||    56
       Plate armour      |       |       |       |    18 |    81 ||    99
Dodge: Dodged            |     3 |    11 |    36 |    36 |    57 ||   143
Block: Other             |       |       |       |     3 |    15 ||    18
       Reflection        |       |       |       |     1 |       ||     1

Table legend: (Time is in decaauts)
 A = Elapsed time spent in this place.
 B = Non-inter-level travel time spent in this place.
 C = Inter-level travel time spent in this place.
 D = Time resting spent in this place.
 E = Time spent auto-exploring this place.
 F = Levels seen in this place.
 G = Mean time per level.
                   A        B        C        D        E       F      G
               +--------+--------+--------+--------+--------+-----+--------+
         Total |   4350 |   4350 |      0 |   2100 |    279 |   1 | 4350.0 |
       Dungeon |   4350 |   4350 |      0 |   2100 |    279 |   1 | 4350.0 |
               +--------+--------+--------+--------+--------+-----+--------+

Top non-repeatable levels by time:
       D: 4350 daAuts
